 Dungeon Crawl Stone Soup version 0.22.0-6-g71bd7aa6b3 (webtiles) character file.

507246 GordonOverkill the Slayer (level 26, -20/313 HPs)
             Began as a Halfling Wanderer on Aug 14, 2018.
             Was the Champion of Nemelex Xobeh.
             Killed from afar by a quicksilver dragon (30 damage)
             ... with a bolt of dispelling energy
             ... on level 5 of the Vaults.
             The game lasted 03:49:27 (74475 turns).

GordonOverkill the Slayer (Halfling Wanderer)      Turns: 74475, Time: 03:49:27

Health: -20/313    AC: 35    Str: 26    XL:     26   Next: 70%
Magic:  32/32      EV: 25    Int: 11    God:    Nemelex Xobeh [******]
Gold:   2503       SH:  0    Dex: 17    Spells: 25/25 levels left

rFire    + . .     SeeInvis .   X - +11 lajatang "Nucw" {flame, *Drain rElec rN+}
rCold    + . .     Gourm    .   (shield currently unavailable)
rNeg     + . .     Faith    .   N - +1 gold dragon scales
rPois    +         Spirit   .   y - +2 helmet
rElec    +         Reflect  .   E - +2 cloak {+Inv}
rCorr    .         Harm     .   D - +2 pair of gloves
MR       ++...                  w - +2 pair of boots
Stlth    ..........             i - amulet of regeneration
HPRegen  1.02/turn              I - ring of protection from magic
MPRegen  0.23/turn              B - ring of Phasing {EV+8}

@: berserking, very slightly contaminated, drained, very quick
A: small, mutation resistance 1
}: 2/15 runes: decaying, serpentine
a: Triple Draw, Deal Four, Stack Five, Renounce Religion, Evoke Invisibility


You were on level 5 of the Vaults.
You worshipped Nemelex Xobeh.
Nemelex Xobeh was exalted by your worship.
You were not hungry.

You visited 8 branches of the dungeon, and saw 42 of its levels.
You visited the Abyss 1 time.

You collected 5917 gold pieces.
You spent 3414 gold pieces at shops.

Inventory:

Hand Weapons
 X - the +11 lajatang "Nucw" (weapon) {flame, *Drain rElec rN+}
   (You found it on level 6 of the Lair of Beasts)

   It has been specially enchanted to burn those struck by it, causing extra
   injury to most foes and up to half again as much damage against particularly
   susceptible opponents.
   Big, fiery blades are also staple armaments of hydra-hunters.
   It insulates you from electricity.
   It protects you from negative energy.
   It causes draining when unequipped.
Armour
 w - a +2 pair of boots (worn)
 y - a +2 helmet (worn)
 D - a +2 pair of gloves (worn)
 E - a +2 cloak of invisibility (worn)
 N - +1 gold dragon scales (worn)
Jewellery
 i - an amulet of regeneration (around neck)
 o - an uncursed ring of see invisible
 B - the ring of Phasing (right hand) {EV+8}
   (You found it on level 2 of the Lair of Beasts)

   [ring of evasion]

   It affects your evasion (+8).
 I - a ring of protection from magic (left hand)
 P - an uncursed ring of protection from fire
Wands
 a - a wand of digging (13)
 A - a wand of iceblast (54)
 M - a wand of clouds (10)
 Y - a wand of acid (27)
Scrolls
 c - 12 scrolls of identify
 e - 19 scrolls of remove curse
 n - 2 scrolls of fog
 q - 11 scrolls of teleportation
 G - 6 scrolls of holy word
 R - 6 scrolls of fear
 Z - 8 scrolls of magic mapping
Potions
 h - 5 potions of haste
 j - 11 potions of curing
 k - 3 potions of agility
 l - 6 potions of might
 s - 3 potions of cancellation
 v - 2 potions of mutation
 x - 4 potions of invisibility
 z - a potion of resistance
 S - a potion of flight
Miscellaneous
 m - an ornate deck of destruction
 p - a legendary deck of destruction
 r - an ornate deck of destruction
 t - an ornate deck of escape
 C - a legendary deck of destruction
 H - a legendary deck of destruction {Vitriol, left: 2}
 L - an ornate deck of summoning {drawn: 4}
 O - a legendary deck of destruction {Pain, left: 5}
 Q - an ornate deck of escape
 T - an ornate deck of escape
 U - an ornate deck of summoning
 V - an ornate deck of summoning {drawn: 1}
 W - an ornate deck of destruction
Comestibles
 f - 49 rations


   Skills:
 + Level 24.6(24.5) Fighting
   Level 14.0(15.7) Polearms
 - Level 11.7(13.9) Staves
 - Level 15.0 Armour
 - Level 16.0(15.9) Dodging
 - Level 3.2 Stealth
   Level 12.0 Shields
 - Level 13.0(12.9) Invocations
 - Level 6.0(5.9) Evocations


You had 25 spell levels left.
You didn't know any spells.
Your spell library contained the following spells:

 Spells                   Type           Power        Failure   Level  Hunger
 Cause Fear               Hex            #.........   100%        4    #####..
 Magic Dart               Conj           #...         100%        1    ##.....
 Apportation              Tloc           #.....       100%        1    ##.....
 Conjure Flame            Conj/Fire      #.......     100%        3    ####...
 Bolt of Cold             Conj/Ice       #.........   100%        6    #######
 Slow                     Hex            #.......     100%        2    ###....
 Confuse                  Hex            #.......     100%        3    ####...
 Freezing Cloud           Conj/Ice/Air   #.........   100%        6    #######
 Mephitic Cloud           Conj/Pois/Air  #.......     100%        3    ####...
 Ring of Flames           Chrm/Fire      #.........   100%        7    #######
 Venom Bolt               Conj/Pois      #.........   100%        5    ######.
 Teleport Other           Tloc           #.......     100%        3    ####...
 Death's Door             Chrm/Necr      #.........   100%        8    #######
 Summon Small Mammal      Summ           #...         100%        1    ##.....
 Blink                    Tloc           N/A          100%        2    ###....
 Iskenderun's Mystic Bla  Conj           #.......     100%        4    #####..
 Animate Skeleton         Necr           N/A          100%        1    ##.....
 Haunt                    Necr/Summ      #.........   100%        7    #######
 Borgnjor's Revivificati  Necr           #.........   100%        8    #######
 Ozocubu's Refrigeration  Ice            #.........   100%        6    #######
 Summon Ice Beast         Ice/Summ       #.......     100%        4    #####..
 Call Imp                 Summ           #.......     100%        2    ###....
 Sting                    Conj/Pois      #...         100%        1    ##.....
 Tukima's Dance           Hex            #.......     100%        3    ####...
 Ice Form                 Ice/Tmut       #.......     100%        4    #####..
 Necromutation            Tmut/Necr      #.........   100%        8    #######
 Deflect Missiles         Chrm/Air       #.........   100%        6    #######
 Shadow Creatures         Summ           N/A          100%        6    #######
 Confusing Touch          Hex            #.....       100%        1    ##.....
 Call Canine Familiar     Summ           #.......     100%        3    ####...
 Ensorcelled Hibernation  Hex/Ice        #.....       100%        2    ###....
 Metabolic Englaciation   Hex/Ice        #.........   100%        5    ######.
 Silence                  Hex/Air        #.........   100%        5    ######.
 Corona                   Hex            #......      100%        1    ##.....
 Simulacrum               Ice/Necr       #.........   100%        6    #######
 Conjure Ball Lightning   Conj/Air       #.........   100%        6    #######
 Portal Projectile        Hex/Tloc       #.....       100%        3    ####...
 Petrify                  Tmut/Erth      #.......     100%        4    #####..
 Passage of Golubria      Tloc           N/A          100%        4    #####..
 Tornado                  Air            #.........   100%        9    #######
 Leda's Liquefaction      Hex/Erth       #.........   100%        4    #####..
 Darkness                 Hex            #.........   100%        6    #######
 Shroud of Golubria       Chrm/Tloc      #.........   100%        2    ###....
 Inner Flame              Hex/Fire       #.......     100%        3    ####...
 Iskenderun's Battlesphe  Conj/Chrm      #.......     100%        5    ######.
 Fulminant Prism          Conj/Hex       #.........   100%        4    #####..
 Dazzling Spray           Conj/Hex       #.....       100%        3    ####...
 Force Lance              Conj/Tloc      #.......     100%        4    #####..
 Infusion                 Chrm           #...         100%        1    ##.....
 Searing Ray              Conj           #.....       100%        2    ###....
 Summon Lightning Spire   Summ/Air       #.......     100%        4    #####..
 Summon Guardian Golem    Hex/Summ       #.......     100%        3    ####...
 Gell's Gravitas          Tloc           #.........   100%        3    ####...
 Yara's Violent Unravell  Hex/Tmut       #.........   100%        5    ######.
 Infestation              Necr           #.........   100%        8    #######
 Lesser Beckoning         Tloc           #.........   100%        3    ####...
 Poisonous Vapours        Pois/Air       #.....       100%        2    ###....
 Borgnjor's Vile Clutch   Necr/Erth      #.........   100%        5    ######.


Dungeon Overview and Level Annotations

Branches:
Dungeon (15/15)            Temple (1/1) D:5            Lair (6/6) D:10
  Swamp (4/4) Lair:2        Snake (4/4) Lair:3        Slime (0/5) Lair:5
    Orc (2/2) D:10            Elf (0/3) Orc:2        Vaults (5/5) D:13
  Crypt (0/3) Vaults:2     Depths (5/5) D:15            Zot (0/5) Depths:5

Altars:
Ashenzari
Cheibriados
Dithmenos
Elyvilon
Fedhas
Gozag
Hepliaklqana
Kikubaaqudgha
Makhleb
Nemelex Xobeh
Okawaru
Qazlal
Ru
Sif Muna
Trog
Uskayaw
Vehumet
Wu Jian
Xom
Yredelemnul
Zin
The Shining One

Shops:
Orc:1 (   Orc:2 }?(!(   Snake:2 %   Snake:3 [*   Snake:4 !}}   Vaults:1 (
Vaults:4 !   Depths:1 ==   Depths:3 *

Portals:
Hell: Depths:1 Depths:2 Depths:3 Depths:4 Depths:5
Abyss: Depths:4 Depths:5
Pandemonium: Orc:2 Depths:3 Depths:5
Ziggurat: Depths:5


Innate Abilities, Weirdness & Mutations

You are small and have problems with some larger weapons.
You are somewhat resistant to further mutation.


Message History

* * * LOW HITPOINT WARNING * * *
Unknown command.
Unknown command.
Unknown command.
Unknown command.
You slice the freezing wraith!! You burn the freezing wraith.
You destroy the freezing wraith!
Unknown command.
You slash the quicksilver dragon! You burn the quicksilver dragon.
The quicksilver dragon is moderately wounded.
The quicksilver dragon completely misses you.
The quicksilver dragon closely misses you.
The titan closely misses you.
You cut the quicksilver dragon into ribbons!!!
You burn the quicksilver dragon!
The quicksilver dragon is almost dead.
The quicksilver dragon breathes dispelling energy at you.
The bolt of dispelling energy hits you!
You die...
Your body glows with a rainbow of weird colours and disappears.

#....#####
#.........
#.........
#......C..
#.......
#....######### #
#..p......... ##
#WD#........# .##
#@.#....##..##...#
#.C# #..##.......#
#..###...........#
#..#.....D...#####
#..#.....##).##...
#..#.##.. #:.)p†c.
#..# #.. #=.).)D$
#..# ... #)|}####


W$(( #### You could see a titan, a quicksilver dragon, a vault guard, an ettin
and a phantasmal warrior.

Vanquished Creatures
  A juggernaut (Depths:2)
  Frederick (Depths:5)
  4 caustic shrikes
  A golden dragon (Vaults:5)
  3 bone dragons
  5 liches
  A deep elf blademaster (Depths:2)
  2 titans
  The ghost of feta the Peltast, an adept FoFi of Qazlal (D:15)
  4 sphinxes
  2 tengu reavers
  3 shadow dragons
  8 vault wardens
  A draconian knight (Depths:4)
  10 nagarajas
  3 iron dragons
  9 fire giants
  A draconian annihilator (Depths:2)
  8 frost giants
  A draconian shifter (Depths:4)
  2 deep elf elementalists
  A ghoul (Vaults:4)
  A spriggan defender (Depths:4)
  9 ironheart preservers
  13 stone giants
  12 very ugly things
  A green draconian (Depths:5)
  2 vampire knights (Depths:5)
  Nessos (Lair:5)
  2 entropy weavers
  A black draconian (Depths:5)
  3 white draconians
  2 deep elf annihilators (Depths:2)
  4 spark wasps (Depths:4)
  4 dire elephants (Depths:4)
  A yellow draconian (Depths:5)
  A purple draconian (Depths:5)
  A red draconian (Depths:4)
  9 fire dragons
  A green death (Depths:5)
  3 ettins
  2 deep elf high priests (Depths:2)
  10 yaktaur captains
  15 ogre magi
  2 jiangshi (Depths:1)
  4 rakshasas
  25 vault guards
  10 naga warriors
  5 ice dragons
  12 great orbs of eyes
  Fannar (D:10)
  3 spriggan air magi
  19 hydras
  4 death knights
  45 two-headed ogres
  10 centaur warriors
  13 anacondas
  Erica (D:10)
  11 deep troll shamans
  11 alligators
  3 tengu warriors
  A queen ant (Lair:2)
  5 deep troll earth magi
  6 death yaks
  17 naga sharpshooters
  4 vampire magi
  3 orc high priests (Orc:2)
  3 shock serpents
  3 spriggan berserkers (Depths:2)
  11 hell knights
  Nergalle (Lair:3)
  A deep elf knight (Vaults:4)
  6 iron trolls
  The ghost of Peloso the Carver, a novice MiFi of Okawaru (D:6)
  2 wretched stars (Abyss:2)
  Sonja (Lair:2)
  10 skeletal warriors
  A salamander mystic (Snake:3)
  A fire crab (D:14)
  2 sixfirhies
  5 large abominations
  An unseen horror (shapeshifter) (Depths:5)
  11 swamp dragons
  37 deep trolls
  A storm dragon skeleton (Vaults:2)
  A torturous demonspawn (Orc:2)
  7 unseen horrors
  A glowing orange brain (Depths:3)
  An obsidian statue (D:8)
  A gelid demonspawn (Orc:2)
  2 infernal demonspawn (Orc:2)
  A spectral hydra (Swamp:1)
  A tengu zombie (Depths:4)
  A lindwurm (shapeshifter) (Depths:2)
  9 naga ritualists
  3 shambling mangroves
  7 ironbrand convokers
  7 wizards
  A phantasmal warrior (Vaults:5)
  7 necromancers
  4 deep elf archers
  3 deep elf magi
  17 orc knights
  A harpy (shapeshifter) (Vaults:2)
  A mana viper (shapeshifter) (Vaults:1)
  A faun (shapeshifter) (D:12)
  38 ugly things
  2 salamanders (shapeshifter)
  4 wolf spiders
  6 salamanders
  2 manticores
  8 cyclopes
  12 orc sorcerers
  42 elephants
  27 slime creatures
  9 mana vipers
  The ghost of ysobel the Slasher, a novice HaFi of Wu Jian (D:5)
  A fire giant skeleton (Vaults:2)
  An elephant (shapeshifter) (Depths:3)
  25 black mambas
  2 frost giant skeletons
  2 spectral spriggans (Swamp:1)
  14 vault sentinels
  20 naga magi
  Joseph (D:10)
  An eye of devastation (shapeshifter) (Depths:2)
  2 guardian serpents (Snake:1)
  4 orange demons
  A torpor snail (Lair:4)
  20 spiny frogs
  A storm dragon simulacrum (Depths:4)
  5 komodo dragons
  A spriggan skeleton (Depths:4)
  12 freezing wraiths
  15 rime drakes
  A yaktaur (shapeshifter) (Vaults:1)
  53 yaktaurs
  An ice devil (Orc:2)
  A troll (shapeshifter) (Depths:2)
  5 trolls
  3 tengu conjurers
  A yaktaur skeleton (Vaults:2)
  4 meliai
  4 polar bears
  A meliai (shapeshifter) (Depths:2)
  A red devil (Orc:2)
  A hellwing (Orc:2)
  A jumping spider (shapeshifter) (Depths:1)
  13 tyrant leeches
  2 wind drakes (shapeshifter) (Depths:2)
  A queen bee (Lair:2)
  A jumping spider (D:13)
  An ettin zombie (Abyss:2)
  A wind drake (Vaults:4)
  11 blink frogs
  15 hornets
  11 hippogriffs
  A blink frog (shapeshifter) (D:13)
  12 bog bodies
  A spectral tyrant leech (Swamp:1)
  Sigmund (D:4)
  A meliai zombie (D:15)
  2 water elementals (Depths:4)
  2 shadows
  2 wraiths
  2 redbacks (D:13)
  5 spriggans
  A tarantella (D:13)
  2 hogs (shapeshifter) (Depths:2)
  2 tarantellas (shapeshifter) (Depths:2)
  5 hogs (Lair:6)
  24 yaks
  Eustachio (D:3)
  A black mamba skeleton (Abyss:2)
  7 wyverns
  11 basilisks
  3 neqoxecs
  A human (shapeshifter) (Vaults:1)
  7 vampire mosquitoes
  16 humans (D:13)
  4 chaos spawn
  3 hungry ghosts
  5 wargs
  13 small abominations
  37 nagas
  A yaktaur simulacrum (Vaults:2)
  2 human simulacra (Vaults:3)
  5 insubstantial wisps
  11 soldier ants
  A swamp worm (shapeshifter) (Depths:2)
  The ghost of Baz the Cudgeler, an amateur GrGl (D:3)
  17 swamp worms
  An acid dragon (D:15)
  A deep troll skeleton (Vaults:3)
  13 porcupines
  14 water moccasins
  6 human skeletons
  3 black bears
  12 swamp drakes
  49 orc warriors
  3 phantoms
  2 sky beasts
  2 sky beasts (shapeshifter)
  3 eyes of draining (shapeshifter)
  4 ice beasts
  An elf zombie (Vaults:3)
  An ettin simulacrum (Vaults:3)
  2 elf skeletons (Vaults:2)
  9 boggarts
  15 centaurs
  A necrophage (D:7)
  43 ogres
  17 wolves
  16 crocodiles
  5 big kobolds
  15 bullfrogs
  2 wyvern skeletons
  3 scorpions
  4 jellies
  31 killer bees
  7 wights
  8 electric eels
  10 howler monkeys
  7 crimson imps
  2 centaur zombies
  6 quasits
  3 bullfrog skeletons
  7 hounds
  22 orc wizards
  2 centaur skeletons
  A gnoll shaman (D:6)
  An iron imp (Depths:4)
  33 orc priests
  6 iguanas
  Ijyb (D:3)
  30 worker ants
  A hound skeleton (D:2)
  A howler monkey zombie (D:6)
  16 gnolls
  A howler monkey skeleton (D:7)
  10 adders
  A river rat (Lair:2)
  5 shadow imps
  An ooze (D:1)
  2 adder skeletons
  6 worms
  5 dart slugs
  6 leopard geckos
  116 orcs
  5 giant cockroaches
  10 goblins
  6 hobgoblins
  9 jackals
  31 kobolds
  3 quokkas
  8 bats
  2 frilled lizards
  A leopard gecko skeleton (D:9)
  2 quokka skeletons
  3 quokka zombies
  8 rats
  A fungus (Lair:2)
  2 plants
1868 creatures vanquished.

Vanquished Creatures (collateral kills)
  An ancient lich (Depths:5)
  Mennas (Vaults:2)
  Xtahua (Vaults:4)
  Saint Roka (Snake:2)
  the Lernaean hydra (Swamp:4)
  2 caustic shrikes
  A golden dragon (Depths:4)
  Rupert (D:13)
  A titan (Depths:2)
  A quicksilver dragon (Depths:2)
  A sphinx (Vaults:1)
  The ghost of Xuaf the Slayer, an adept MiBe of Trog (Swamp:1)
  3 tengu reavers
  A thorn hunter (Swamp:2)
  2 fire giants
  A nagaraja (Snake:3)
  An orc warlord (Orc:2)
  An iron dragon (Depths:2)
  2 deep elf sorcerers
  Louise (Swamp:1)
  3 vault wardens
  3 ironheart preservers
  An entropy weaver (Vaults:1)
  A deep elf demonologist (Vaults:4)
  A vampire knight (Vaults:1)
  A dire elephant (Depths:4)
  An ettin (Vaults:5)
  2 fire dragons
  2 great orbs of eyes (Depths:2)
  2 yaktaur captains
  4 ogre magi
  2 hydras
  A spriggan air mage (Depths:2)
  4 naga warriors
  4 vault guards
  2 two-headed ogres
  2 centaur warriors
  A vampire mage (Depths:2)
  An anaconda (Snake:3)
  2 deep troll earth magi
  8 death yaks
  3 naga sharpshooters
  A shock serpent (Snake:2)
  A hell knight (Depths:2)
  2 wizards
  2 flayed ghosts (Depths:2)
  3 deep trolls (Vaults:4)
  A naga ritualist (Snake:3)
  A deep elf archer (Vaults:4)
  2 swamp dragons (Swamp:4)
  An obsidian statue (Vaults:2)
  A glowing orange brain (Depths:1)
  A necromancer (D:15)
  A phantasmal warrior (Vaults:4)
  2 orc knights
  3 ironbrand convokers
  3 ugly things
  A mana viper (Snake:3)
  A deep elf mage (Vaults:4)
  A wolf spider (Vaults:1)
  A slime creature (Depths:2)
  An orc sorcerer (Snake:2)
  A cyclops (D:15)
  6 black mambas
  A centaur zombie (D:15)
  2 naga magi (Snake:4)
  A torpor snail (shapeshifter) (Depths:2)
  A spiny frog (Lair:2)
  A gargoyle (D:12)
  A vault sentinel (Vaults:1)
  A spectral spriggan (Swamp:1)
  5 freezing wraiths
  A centaur skeleton (D:15)
  7 yaktaurs
  2 rime drakes (D:15)
  A wind drake (shapeshifter) (Depths:2)
  A harpy skeleton (D:15)
  A hornet (shapeshifter) (D:13)
  2 hippogriffs (D:15)
  A hornet (Depths:2)
  A wraith (Vaults:4)
  A wyvern (D:15)
  A hog (Lair:6)
  3 humans (D:13)
  2 yaks (Lair:6)
  3 basilisks
  A warg (Orc:2)
  A spectral spiny frog (Swamp:1)
  3 nagas
  A water moccasin (Lair:1)
  4 orc warriors
  A black bear (shapeshifter) (D:15)
  An alligator simulacrum (Swamp:1)
  4 ogres
  3 centaurs (D:15)
  A spriggan simulacrum (Swamp:1)
  A bullfrog (D:9)
  2 spiny frog simulacra (Swamp:1)
  A wyvern skeleton (D:15)
  A killer bee (Lair:2)
  A jelly (D:9)
  3 electric eels
  A crimson imp (D:15)
  2 orc priests
  4 orc wizards
  6 orcs
  4 plants (Lair:5)
199 creatures vanquished.

Vanquished Creatures (others)
  Kirke (Lair:6)
  A merfolk avatar (Lair:6)
  A two-headed ogre (Depths:1)
  A deep elf knight (Vaults:4)
  A shadow wraith (Vaults:3)
  A deep troll (Depths:4)
  Maurice (Orc:2)
  A guardian serpent (Snake:2)
  A spriggan (Depths:2)
  A steam dragon (Orc:2)
  A swamp worm (Swamp:4)
  5 orc warriors (Orc:2)
  6 ogres
  A killer bee (Lair:2)
  2 orc priests (Orc:2)
  An orc wizard (Orc:2)
  An adder (D:9)
  A river rat (Orc:2)
  2 ball lightnings
  6 orcs
  2 bushes (D:10)
  22 fungi
  41 plants
101 creatures vanquished.

Grand Total: 2168 creatures vanquished

Notes
Turn   | Place    | Note
-------+----------+-------------------------------------------
     0 | D:1      | GordonOverkill the Halfling Wanderer began the quest for the Orb.
     0 | D:1      | GordonOverkill set off with: a +2 spear, a potion of lignification, a +0 ring mail, a +0 dagger, a ration
     0 | D:1      | Reached XP level 1. HP: 16/16 MP: 1/1
    36 | D:1      | Reached XP level 2. HP: 22/22 MP: 2/2
   176 | D:1      | Reached skill level 1 in Polearms
   272 | D:1      | Reached XP level 3. HP: 27/27 MP: 3/3
  1163 | D:2      | Reached XP level 4. HP: 32/33 MP: 4/4
  1195 | D:2      | Found a faded altar of an unknown god.
  1239 | D:2      | Reached skill level 4 in Fighting
  1778 | D:2      | Reached XP level 5. HP: 29/37 MP: 5/5
  2309 | D:3      | Noticed a black bear
  2321 | D:3      | Killed a black bear
  2321 | D:3      | Reached XP level 6. HP: 30/44 MP: 6/6
  3076 | D:3      | Noticed Baz's ghost (amateur GrGl)
  3089 | D:3      | Found a transporter.
  3106 | D:3      | Found a transporter.
  3601 | D:4      | Noticed Ijyb
  3669 | D:4      | Noticed an ogre
  3719 | D:3      | Killed Ijyb
  3719 | D:3      | Reached XP level 7. HP: 45/49 MP: 7/7
  4240 | D:3      | Reached skill level 5 in Fighting
  4342 | D:4      | Noticed Eustachio
  5004 | D:4      | Reached skill level 5 in Polearms
  5526 | D:4      | Noticed Sigmund
  5974 | D:5      | Entered Level 5 of the Dungeon
  6019 | D:5      | Found a snail-covered altar of Cheibriados.
  6049 | D:5      | Found a staircase to the Ecumenical Temple.
  6064 | Temple   | Entered the Ecumenical Temple
  6246 | Temple   | Became a worshipper of Nemelex Xobeh the Trickster
  6321 | D:5      | Reached skill level 1 in Evocations
  6321 | D:5      | Reached XP level 8. HP: 48/55 MP: 8/8
  6665 | D:5      | Received a gift from Nemelex Xobeh
  7136 | D:5      | Found a runed gate.
  7136 | D:5      | Found a runed gate.
  7136 | D:5      | Found a runed gate.
  7138 | D:5      | Noticed ysobel's ghost (novice HaFi)
  7901 | D:6      | Found a white marble altar of Elyvilon.
  7948 | D:6      | Reached XP level 9. HP: 61/61 MP: 11/11
  8185 | D:6      | Identified a scroll of acquirement
  8284 | D:6      | Reached * piety under Nemelex Xobeh
  8322 | D:6      | Received a gift from Nemelex Xobeh
  8374 | D:6      | Noticed Peloso's ghost (novice MiFi)
  8377 | D:6      | Found a transporter.
  8382 | D:6      | Noticed a two-headed ogre
  9515 | D:7      | Received a gift from Nemelex Xobeh
  9549 | D:7      | Reached skill level 5 in Evocations
 10245 | D:8      | Reached XP level 10. HP: 66/66 MP: 13/13
 10353 | D:8      | Paralysed by a hornet for 2 turns
 10360 | D:8      | Reached skill level 5 in Armour
 10651 | D:8      | Reached ** piety under Nemelex Xobeh
 10828 | D:8      | Reached skill level 10 in Polearms
 10927 | D:8      | Reached skill level 1 in Invocations
 11111 | D:9      | Received a gift from Nemelex Xobeh
 11160 | D:9      | Got a brightly glowing mace
 11161 | D:9      | Identified the +11 mace "Leiledgh" {crush, +Rage rElec Str-3 Int+8} (You found it on level 9 of the Dungeon)
 12095 | D:9      | Received a gift from Nemelex Xobeh
 12482 | D:10     | Entered Level 10 of the Dungeon
 12626 | D:10     | Found a staircase to the Orcish Mines.
 12693 | D:10     | Killed an unseen horror
 12700 | D:10     | Noticed Erica
 12825 | D:10     | Killed Erica
 12825 | D:10     | Reached XP level 11. HP: 71/71 MP: 14/14
 12859 | D:10     | Noticed Joseph
 12876 | D:10     | Killed Joseph
 12876 | D:10     | Reached skill level 5 in Invocations
 13061 | D:10     | Noticed Fannar
 13071 | D:10     | Killed Fannar
 13545 | D:10     | Found a staircase to the Lair.
 13625 | D:10     | Received a gift from Nemelex Xobeh
 14220 | Lair:1   | Entered Level 1 of the Lair of Beasts
 14676 | Lair:1   | Reached XP level 12. HP: 55/78 MP: 15/15
 14930 | Lair:1   | Noticed a four-headed hydra
 14942 | Lair:1   | Killed a four-headed hydra
 14942 | Lair:1   | Reached skill level 6 in Fighting
 15321 | Lair:1   | Reached *** piety under Nemelex Xobeh
 15646 | Lair:2   | Found the ring of Phasing {EV+8}
 15647 | Lair:2   | Found a labyrinth entrance.
 15648 | Lair:2   | Noticed a death yak
 15648 | Lair:2   | Noticed a death yak
 15650 | Lair:2   | Noticed a death yak
 15661 | Lair:1   | Killed a death yak
 15713 | Lair:1   | Killed a death yak
 15804 | Lair:2   | Killed a death yak
 16321 | Lair:2   | Reached skill level 5 in Shields
 16524 | Lair:2   | Reached skill level 7 in Fighting
 16658 | Lair:2   | Noticed a queen ant
 16669 | Lair:2   | Killed a queen ant
 16881 | Lair:2   | Noticed Sonja
 17175 | Lair:2   | Received a gift from Nemelex Xobeh
 17221 | Lair:2   | Reached XP level 13. HP: 84/86 MP: 17/17
 17530 | Lair:2   | Found a staircase to the Swamp.
 17699 | Lair:2   | Noticed Urug
 17705 | Lair:2   | Noticed Urug
 17705 | Lair:2   | Urug changed into Urug the yaktaur
 17708 | Lair:2   | Killed Urug the yaktaur
 17717 | Lair:2   | Reached skill level 8 in Fighting
 17736 | Lair:2   | Killed Sonja
 18267 | Lair:2   | Found an ornate altar of the Wu Jian Council.
 18498 | Lair:3   | Found a staircase to the Snake Pit.
 18594 | Lair:3   | Received a gift from Nemelex Xobeh
 18671 | Lair:3   | Reached **** piety under Nemelex Xobeh
 18812 | Lair:3   | Reached skill level 10 in Shields
 19113 | Lair:3   | Received a gift from Nemelex Xobeh
 19285 | Lair:3   | Noticed Nergalle
 19294 | Lair:3   | Killed Nergalle
 19832 | Lair:4   | Reached XP level 14. HP: 86/95 MP: 20/20
 20035 | Lair:4   | Received a gift from Nemelex Xobeh
 20112 | Lair:4   | Reached skill level 9 in Fighting
 20662 | Lair:4   | Reached skill level 10 in Fighting
 21091 | Lair:5   | Received a gift from Nemelex Xobeh
 21145 | Lair:5   | Reached ***** piety under Nemelex Xobeh
 21312 | Lair:4   | Reached skill level 5 in Dodging
 21738 | Lair:5   | Found a staircase to the Slime Pits.
 21835 | Lair:5   | Received a gift from Nemelex Xobeh
 21867 | Lair:5   | Upgraded the game from 0.22.0-5-gf09313c8f9 to 0.22.0-6-g71bd7aa6b3
 22320 | Lair:5   | Received a gift from Nemelex Xobeh
 22378 | Lair:5   | Noticed Nessos
 22421 | Lair:5   | Killed Nessos
 22904 | Lair:6   | Entered Level 6 of the Lair of Beasts
 23128 | Lair:5   | Paralysed by a hornet for 2 turns
 23302 | Lair:5   | Reached XP level 15. HP: 100/103 MP: 21/21
 23878 | Lair:6   | Noticed Kirke
 23920 | Lair:6   | Noticed a sphinx
 24196 | Lair:6   | Received a gift from Nemelex Xobeh
 24267 | Lair:6   | Killed Kirke
 24297 | Lair:6   | Reached skill level 11 in Fighting
 25301 | Lair:6   | Got a crystal lajatang
 25302 | Lair:6   | Identified the +11 lajatang "Nucw" {flame, *Drain rElec rN+} (You found it on level 6 of the Lair of Beasts)
 25683 | D:11     | Found a sacrificial altar of Ru.
 25866 | D:11     | Reached skill level 12 in Fighting
 26214 | D:11     | Received a gift from Nemelex Xobeh
 26799 | D:12     | Received a gift from Nemelex Xobeh
 27582 | D:12     | Found a burning altar of Makhleb.
 27683 | D:12     | Reached XP level 16. HP: 111/116 MP: 22/22
 27928 | D:12     | Got a faintly humming chain mail
 27930 | D:12     | Identified the +5 chain mail of Tender Moments {*Corrode +Inv Str+2 Int+6} (You found it on level 12 of the Dungeon)
 28316 | D:13     | Noticed Rupert
 28358 | D:13     | Reached skill level 13 in Fighting
 28401 | D:13     | Received a gift from Nemelex Xobeh
 29103 | D:13     | Found a gate to the Vaults.
 29165 | D:13     | Received a gift from Nemelex Xobeh
 29187 | D:13     | Reached ****** piety under Nemelex Xobeh
 29470 | D:14     | Received a gift from Nemelex Xobeh
 30193 | D:14     | Received a gift from Nemelex Xobeh
 30268 | D:14     | Reached skill level 14 in Fighting
 30275 | D:14     | Found a basalt altar of Yredelemnul.
 30465 | D:15     | Entered Level 15 of the Dungeon
 30970 | D:15     | Received a gift from Nemelex Xobeh
 31154 | D:15     | Got a bloodstained plate armour
 31155 | D:15     | Identified the +1 plate armour of Lies {Int+2 Stlth+} (You found it on level 15 of the Dungeon)
 31433 | D:15     | Reached skill level 10 in Invocations
 31823 | D:15     | Found a staircase to the Depths.
 31998 | D:15     | Found a runed door.
 31998 | D:15     | Noticed feta's ghost (adept FoFi)
 32362 | D:15     | Received a gift from Nemelex Xobeh
 32492 | Orc:1    | Entered Level 1 of the Orcish Mines
 32492 | Orc:1    | Found Kuah's Antique Weapon Emporium.
 32948 | Orc:1    | Reached skill level 10 in Armour
 33278 | Orc:2    | Entered Level 2 of the Orcish Mines
 33413 | Orc:2    | Found Touqoff's Weapon Emporium.
 33424 | Orc:1    | Received a gift from Nemelex Xobeh
 33653 | Orc:2    | Reached XP level 17. HP: 125/125 MP: 24/24
 33656 | Orc:2    | Received a gift from Nemelex Xobeh
 33927 | Orc:2    | Found a staircase to the Elven Halls.
 33937 | Orc:2    | Received a gift from Nemelex Xobeh
 33979 | Orc:2    | Noticed Maurice
 33983 | Orc:2    | Killed Maurice
 34625 | Orc:2    | Found Piacuk Ysowk's Distillery.
 34714 | Orc:2    | Found Walosk's Magic Scroll Shoppe.
 35290 | Orc:2    | Paralysed by an orc sorcerer for 7 turns
 35793 | Orc:2    | Found Geik's Antique Weapon Boutique.
 35793 | Orc:2    | Found Afapen's Gadget Shop.
 35793 | Orc:2    | Found a one-way gate leading to the halls of Pandemonium.
 36102 | Orc:2    | Bought a scroll of enchant armour for 90 gold pieces
 36102 | Orc:2    | Bought a scroll of holy word for 90 gold pieces
 36102 | Orc:2    | Bought a scroll of teleportation for 36 gold pieces
 36104 | Orc:2    | Bought 2 potions of heal wounds for 130 gold pieces
 36104 | Orc:2    | Bought a potion of curing for 39 gold pieces
 36104 | Orc:2    | Bought a potion of ambrosia for 104 gold pieces
 36104 | Orc:2    | Bought a potion of flight for 39 gold pieces
 36104 | Orc:2    | Bought a potion of curing for 39 gold pieces
 36104 | Orc:2    | Bought a potion of magic for 104 gold pieces
 36104 | Orc:2    | Bought a potion of curing for 39 gold pieces
 36104 | Orc:2    | Bought a potion of curing for 39 gold pieces
 36263 | Swamp:1  | Entered Level 1 of the Swamp
 37124 | Swamp:1  | Reached skill level 1 in Staves
 37366 | Swamp:1  | Noticed Louise
 37391 | Swamp:1  | Killed Louise
 37396 | Swamp:1  | Received a gift from Nemelex Xobeh
 37656 | Swamp:1  | Found a runed gate.
 37656 | Swamp:1  | Found a runed gate.
 37656 | Swamp:1  | Found a runed gate.
 37659 | Swamp:1  | Noticed Xuaf's ghost (adept MiBe)
 37989 | Swamp:2  | Received a gift from Nemelex Xobeh
 38654 | Swamp:2  | Reached skill level 5 in Staves
 38751 | Swamp:2  | Noticed a thorn hunter
 38767 | Swamp:2  | Killed a thorn hunter
 39303 | Swamp:3  | Received a gift from Nemelex Xobeh
 40249 | Swamp:4  | Entered Level 4 of the Swamp
 40267 | Swamp:4  | Reached XP level 18. HP: 122/131 MP: 26/26
 40346 | Swamp:4  | Received a gift from Nemelex Xobeh
 40683 | Swamp:4  | Received a gift from Nemelex Xobeh
 40770 | Swamp:4  | Noticed the 27-headed Lernaean hydra
 41023 | Swamp:4  | Killed the 26-headed Lernaean hydra
 41265 | Swamp:4  | Got a decaying rune of Zot
 41672 | Snake:1  | Entered Level 1 of the Snake Pit
 42079 | Snake:1  | Got a transparent shield
 42424 | Snake:1  | Reached skill level 10 in Staves
 42977 | Snake:2  | Noticed Saint Roka
 43010 | Snake:2  | Killed Saint Roka
 43079 | Snake:2  | Identified the +0 shield of Sorcery {MR+} (You found it on level 1 of the Snake Pit)
 43155 | Snake:2  | Found an opulent altar of Gozag.
 43190 | Snake:2  | Found Beseig's Food Emporium.
 43789 | Snake:2  | Received a gift from Nemelex Xobeh
 44029 | Snake:3  | Reached XP level 19. HP: 132/136 MP: 27/27
 44060 | Snake:3  | Cast into level 2 of the Abyss (naga warrior)
 44104 | Abyss:2  | Noticed a hellephant
 44154 | Abyss:2  | Paralysed by accursed screaming for 2 turns
 44187 | Abyss:2  | Received a gift from Nemelex Xobeh
 44517 | Abyss:2  | Noticed a bone dragon
 44519 | Abyss:2  | Received a gift from Nemelex Xobeh
 44536 | Abyss:2  | Killed a bone dragon
 44538 | Snake:3  | Escaped the Abyss
 45265 | Snake:3  | Found Aqiom's General Store.
 45291 | Snake:3  | Found Reacvys's Antique Armour Shop.
 45295 | Snake:3  | Bought a glowing cloak for 247 gold pieces
 45438 | Snake:3  | Reached skill level 15 in Fighting
 45449 | Snake:3  | Received a gift from Nemelex Xobeh
 45720 | Snake:3  | Received a gift from Nemelex Xobeh
 46066 | Snake:4  | Entered Level 4 of the Snake Pit
 46186 | Snake:4  | Received a gift from Nemelex Xobeh
 46238 | Snake:4  | Found Faeff's Gadget Shop.
 46284 | Snake:4  | Found Qyham's Distillery.
 46290 | Snake:4  | Bought a potion of heal wounds for 60 gold pieces
 46290 | Snake:4  | Bought a potion of experience for 600 gold pieces
 46290 | Snake:4  | Bought a potion of might for 48 gold pieces
 46290 | Snake:4  | Bought a potion of curing for 36 gold pieces
 46290 | Snake:4  | Bought a potion of berserk rage for 60 gold pieces
 46290 | Snake:4  | Bought a potion of agility for 48 gold pieces
 46294 | Snake:4  | Reached XP level 20. HP: 145/145 MP: 27/29
 46319 | Snake:4  | Found Roax Tit's Gadget Boutique.
 47012 | Snake:4  | Reached skill level 16 in Fighting
 48170 | Snake:4  | Reached XP level 21. HP: 154/154 MP: 30/30
 48256 | Snake:4  | Got a serpentine rune of Zot
 48765 | Vaults:1 | Entered Level 1 of the Vaults
 48851 | D:13     | Killed Rupert
 48982 | D:13     | Reached skill level 17 in Fighting
 49503 | Vaults:1 | Received a gift from Nemelex Xobeh
 49704 | Vaults:1 | Received a gift from Nemelex Xobeh
 50039 | Vaults:1 | Reached skill level 18 in Fighting
 50456 | Vaults:1 | Paralysed by an ogre mage for 7 turns
 51215 | Vaults:1 | Reached skill level 19 in Fighting
 51242 | Vaults:1 | Found Hochoph's Antique Weapon Emporium.
 51816 | Vaults:2 | Reached XP level 22. HP: 146/168 MP: 23/31
 52093 | Vaults:2 | Noticed Mennas
 52131 | Vaults:2 | Killed Mennas
 52266 | Vaults:2 | Received a gift from Nemelex Xobeh
 52266 | Vaults:2 | Received a gift from Nemelex Xobeh
 53237 | Vaults:2 | Reached skill level 20 in Fighting
 53247 | Vaults:2 | Found a staircase to the Crypt.
 53785 | Vaults:2 | Identified the Reference Book on Augmentations and Poisoning
 54032 | Vaults:2 | Reached skill level 10 in Dodging
 54075 | Vaults:2 | Paralysed by a wizard for 7 turns
 55281 | Vaults:3 | Received a gift from Nemelex Xobeh
 55499 | Vaults:3 | Reached XP level 23. HP: 144/176 MP: 32/32
 56101 | Vaults:3 | Received a gift from Nemelex Xobeh
 56277 | Vaults:4 | Noticed Xtahua
 56290 | Vaults:4 | Killed Xtahua
 57028 | Vaults:4 | Reached skill level 15 in Dodging
 57308 | Vaults:4 | Received a gift from Nemelex Xobeh
 57871 | Vaults:4 | Found Gamanir's Distillery.
 57877 | Vaults:4 | Bought a potion of haste for 210 gold pieces
 57877 | Vaults:4 | Bought a potion of heal wounds for 105 gold pieces
 57877 | Vaults:4 | Bought a potion of curing for 63 gold pieces
 57877 | Vaults:4 | Bought a potion of resistance for 210 gold pieces
 57877 | Vaults:4 | Bought a potion of mutation for 168 gold pieces
 57877 | Vaults:4 | Bought a potion of cancellation for 168 gold pieces
 57877 | Vaults:4 | Bought a potion of curing for 63 gold pieces
 57877 | Vaults:4 | Bought a potion of curing for 63 gold pieces
 58165 | Vaults:4 | Received a gift from Nemelex Xobeh
 58434 | Depths:1 | Entered Level 1 of the Depths
 59002 | Depths:1 | Found a gateway to Hell.
 59121 | Depths:1 | Received a gift from Nemelex Xobeh
 60098 | Swamp:1  | Killed Xuaf's ghost
 60123 | Swamp:1  | Got a flickering ivory amulet
 60125 | Swamp:1  | Identified the amulet "Aciarrei" {*Slow +Rage rElec rC+ Dex+2} (You found it on level 1 of the Swamp)
 60562 | D:6      | Found a transporter.
 60574 | D:6      | Killed Peloso's ghost
 60692 | D:3      | Killed Baz's ghost
 60740 | D:3      | Killed Eustachio
 61091 | D:3      | Found a transporter.
 61104 | D:3      | Found a transporter.
 61300 | D:4      | Killed Sigmund
 61418 | D:5      | Killed ysobel's ghost
 61970 | D:15     | Killed feta's ghost
 62324 | Depths:2 | Received a gift from Nemelex Xobeh
 62354 | Depths:1 | Reached XP level 24. HP: 147/183 MP: 32/32
 62495 | Depths:1 | Reached skill level 15 in Armour
 62812 | Depths:1 | Found Ateust's Jewellery Shoppe.
 62813 | Depths:1 | Found Niuvat Niaso's Gadget Shop.
 62823 | Depths:1 | Received a gift from Nemelex Xobeh
 62823 | Depths:1 | Found Awos's Jewellery Shoppe.
 63235 | Depths:2 | Noticed a caustic shrike
 63260 | Depths:2 | Killed a caustic shrike
 64339 | Depths:2 | Paralysed by a sphinx for 7 turns
 64457 | Depths:2 | Reached skill level 21 in Fighting
 65371 | Depths:3 | Received a gift from Nemelex Xobeh
 65618 | Depths:3 | Noticed a juggernaut
 65681 | Depths:2 | Killed a juggernaut
 65681 | Depths:2 | Reached XP level 25. HP: 155/193 MP: 32/32
 66176 | Depths:3 | Found Ucrosex's Assorted Antiques.
 66185 | Depths:3 | Bought a scroll of teleportation for 129 gold pieces
 66185 | Depths:3 | Bought a scroll of teleportation for 129 gold pieces
 66185 | Depths:3 | Bought a potion of curing for 129 gold pieces
 66185 | Depths:3 | Bought a scroll of teleportation for 129 gold pieces
 66320 | Depths:3 | Noticed a caustic shrike
 66325 | Depths:3 | Noticed a caustic shrike
 66328 | Depths:3 | Killed a caustic shrike
 66328 | Depths:3 | Reached skill level 22 in Fighting
 66454 | Depths:3 | Killed a caustic shrike
 66639 | Depths:3 | Received a gift from Nemelex Xobeh
 67723 | Depths:4 | Found a sparkling altar of Nemelex Xobeh.
 67873 | Depths:4 | Found a one-way gate to the infinite horrors of the Abyss.
 68230 | Depths:4 | Received a gift from Nemelex Xobeh
 68954 | Depths:4 | Received a gift from Nemelex Xobeh
 69115 | Depths:5 | Entered Level 5 of the Depths
 69125 | Depths:5 | Reached skill level 23 in Fighting
 69528 | Depths:5 | Noticed Frederick
 69536 | Depths:5 | Killed Frederick
 69793 | Depths:5 | Noticed a caustic shrike
 69794 | Depths:5 | Noticed a caustic shrike
 70118 | Depths:5 | Noticed a caustic shrike
 70132 | Depths:4 | Killed a caustic shrike
 70132 | Depths:4 | Reached XP level 26. HP: 206/206 MP: 32/32
 70149 | Depths:5 | Received a gift from Nemelex Xobeh
 70150 | Depths:5 | Noticed an ancient lich
 70985 | Depths:4 | Found a sparkling altar of Nemelex Xobeh.
 71703 | Depths:4 | Found a one-way gate to the infinite horrors of the Abyss.
 72164 | Depths:5 | Found a gate to the Realm of Zot.
 72763 | Depths:5 | Found a gateway to a ziggurat.
 72943 | Depths:5 | Reached skill level 24 in Fighting
 73123 | Depths:5 | Killed an ancient lich
 73702 | Vaults:5 | Entered Level 5 of the Vaults
 74472 | Vaults:5 | HP: 8/313 [titan/the air (23)]
 74475 | Vaults:5 | Killed from afar by a quicksilver dragon

Skill      XL: |  1  2  3  4  5  6  7  8  9 10 11 12 13 14 15 16 17 18 19 20 21 22 23 24 25 26 |
---------------+-------------------------------------------------------------------------------+-----
Polearms       | 1 2 3 4 5 7 9 11 13 14 | 14.0
Armour         | 2 4 5 7 8 10 12 14 15 | 15.0
Dodging        | 2 8 9 13 16 | 16.0
Fighting       | 4 5 7 8 10 12 14 15 16 19 20 21 23 24 | 24.6
Evocations     | 1 3 5 6 |  6.0
Invocations    | 4 5 8 10 11 12 13 | 13.0
Shields        | 7 10 11 12 | 12.0
Staves         | 6 11 | 11.7
Stealth        | |  3.2

Action                   |  1- 3 |  4- 6 |  7- 9 | 10-12 | 13-15 | 16-18 | 19-21 | 22-24 | 25-27 || total
-------------------------+-------+-------+-------+-------+-------+-------+-------+-------+-------++-------
Melee: Spear             |    89 |   212 |   635 |   885 |  1934 |  1462 |       |       |       ||  5217
       Unarmed           |       |    12 |       |       |       |       |       |       |       ||    12
       Mace              |       |       |       |    10 |     3 |       |       |       |       ||    13
       Lajatang          |       |       |       |       |       |   716 |   981 |  1806 |   976 ||  4479
       Demon trident     |       |       |       |       |       |    82 |       |       |       ||    82
Invok: Triple Draw       |       |       |       |       |       |     1 |       |       |       ||     1
       Stack Five        |       |       |       |       |       |       |       |     3 |       ||     3
 Abil: Evoke Berserk Rag |       |       |     8 |     9 |     9 |     7 |       |       |       ||    33
       Evoke Invisibilit |       |       |       |       |       |       |     1 |       |       ||     1
Evoke: Deck              |       |       |     2 |    25 |    35 |    61 |    51 |    63 |    18 ||   255
       Wand              |       |       |       |     3 |     1 |       |       |     8 |     1 ||    13
  Use: Potion            |       |     2 |     2 |     3 |     4 |    10 |     9 |    13 |    10 ||    53
       Scroll            |       |       |    19 |     8 |     8 |    18 |    13 |    12 |     7 ||    85
 Stab: Sleeping          |     7 |     5 |     2 |       |       |       |       |       |       ||    14
       Distracted        |       |       |     1 |     2 |     3 |     4 |     5 |       |     4 ||    19
       Petrified         |       |       |       |       |       |     3 |     6 |     2 |       ||    11
       Paralysed         |       |       |       |       |       |       |       |     1 |       ||     1
  Eat: Chunk             |     1 |     8 |    19 |    26 |    34 |    34 |     8 |    23 |    14 ||   167
       Ration            |       |       |     3 |     2 |     3 |     8 |     5 |     7 |     4 ||    32
Armor: Ring mail         |    15 |    41 |    68 |       |       |       |       |       |       ||   124
       Skin              |       |    15 |       |       |       |       |       |       |       ||    15
       Scale mail        |       |       |    94 |     4 |       |       |       |       |       ||    98
       Chain mail        |       |       |       |   226 |   292 |    29 |       |       |       ||   547
       Plate armour      |       |       |       |       |       |   592 |   383 |   685 |   289 ||  1949
       Gold dragon scale |       |       |       |       |       |       |       |       |   120 ||   120
Dodge: Dodged            |    33 |   111 |   228 |   212 |   656 |  1119 |   807 |  1814 |   965 ||  5945
Block: Shield            |       |       |       |   173 |   905 |   481 |       |       |       ||  1559
